 Dungeon Crawl Stone Soup version 0.26.1-2-gb8aa6d0cf2 (webtiles) character file.

Game seed: 7249294981941045658

10390 Ladykiller69 the Fighter (level 11, -1/127 HPs)
             Began as an Ogre Hunter on Mar 16, 2021.
             Was an Elder of Okawaru.
             Slain by an orc warrior
             ... wielding a +0 war axe
              (7 damage)
             ... on level 1 of the Orcish Mines.
             The game lasted 00:48:28 (17762 turns).

Ladykiller69 the Fighter (Ogre Hunter)             Turns: 17762, Time: 00:48:29

Health: -1/127     AC: 11    Str: 20    XL:     11   Next: 61%
Magic:  11/11      EV: 10    Int: 10    God:    Okawaru [****..]
Gold:   1062       SH:  0    Dex: 10    Spells: 10/10 levels left

rFire    . . .     SeeInvis .   P - +4 dire flail
rCold    . . .     Faith    .   (shield currently unavailable)
rNeg     . . .     Spirit   .   T - +1 steam dragon scales
rPois    .         Reflect  .   (helmet restricted)
rElec    .         Harm     .   H - +1 cloak
rCorr    .         Rampage  .   (gloves unavailable)
Will     +....                  (boots unavailable)
Stlth    +++.......             U - amulet of magic regeneration
HPRegen  0.71/turn              D - ring of stealth
MPRegen  0.37/turn              R - ring of stealth

@: confused, mighty
A: large, unfitting armour, yellow scales 1, blurry vision 1, dopey 1,
regeneration 1, tough skin 1
a: Renounce Religion, Heroism


You were on level 1 of the Orcish Mines.
You worshipped Okawaru.
Okawaru was greatly pleased with you.
You visited 3 branches of the dungeon, and saw 13 of its levels.
You also visited: Sewer.

You collected 1062 gold pieces.

Inventory:

Hand Weapons
 a - a +2 flail of distortion
 B - the +7 flail of the Howling Genius {drain, Str+4 Dex+2}
   (You found it on level 4 of the Dungeon)

   A truly terrible weapon, it drains the life of those it strikes.
   It affects your strength (+4).
   It affects your dexterity (+2).
 G - a +1 giant spiked club
 P - a +4 dire flail (weapon)
 S - a +2 long sword of flaming
Missiles
 c - 7 large rocks
 d - 3 throwing nets
 f - 300 stones (quivered)
 E - 12 boomerangs
 V - 5 silver javelins
Armour
 b - a +0 robe
 e - a +0 chain mail
 k - a +0 cloak
 H - a +1 cloak (worn)
 T - +1 steam dragon scales (worn)
Jewellery
 v - a +4 ring of protection
 w - an uncursed ring of protection from fire
 y - an uncursed amulet of guardian spirit
 D - a ring of stealth (left hand)
 R - a ring of stealth (right hand)
 U - an amulet of magic regeneration (around neck)
Wands
 C - a wand of flame (10)
 I - a wand of acid (10)
 J - a wand of paralysis (9)
 N - a wand of enslavement (13)
 Q - a wand of disintegration (11)
 W - a wand of polymorph (6)
Scrolls
 g - 6 scrolls of remove curse
 h - 4 scrolls of enchant armour
 i - 2 scrolls of immolation
 p - 4 scrolls of amnesia
 q - 4 scrolls of identify
 s - 5 scrolls of fear
 u - a scroll of blinking
 F - 8 scrolls of magic mapping
 K - a scroll of random uselessness {unknown}
 L - a scroll of fog
 O - 2 scrolls of noise
Potions
 j - a potion of lignification
 l - 2 potions of heal wounds {unknown}
 m - 2 potions of curing {unknown}
 n - 4 potions of might
 o - 4 potions of haste
 r - 9 potions of degeneration
 x - 2 potions of mutation
 z - 2 potions of magic
 A - 2 potions of brilliance {unknown}
 M - a potion of flight {unknown}


   Skills:
 + Level 13.3 Fighting
 * Level 13.0 Maces & Flails
 - Level 4.0 Throwing
 - Level 2.0 Dodging
 - Level 0.6 Stealth


You had 10 spell levels left.
You didn't know any spells.
Your spell library contained the following spells:

 Spells                   Type           Power        Failure   Level
 Foxfire                  Conj/Fire      0%           36%         1
 Magic Dart               Conj           0%           36%         1
 Shock                    Conj/Air       0%           36%         1
 Summon Small Mammal      Summ           0%           36%         1
 Call Imp                 Summ           0%           50%         2
 Searing Ray              Conj           0%           50%         2
 Call Canine Familiar     Summ           0%           75%         3
 Ignite Poison            Fire/Tmut/Pois 0%           75%         3
 Summon Guardian Golem    Hex/Summ       0%           75%         3
 Sticky Flame             Conj/Fire      0%           98%         4
 Summon Ice Beast         Ice/Summ       0%           98%         4
 Summon Lightning Spire   Summ/Air       0%           98%         4


Dungeon Overview and Level Annotations

Branches:
Dungeon (10/15)            Temple (1/1) D:4             Orc (2/2) D:10
    Elf (0/3) Orc:2         Sewer (visited)
   Lair: D:8-11

Altars:
Ashenzari
Cheibriados
Dithmenos
Elyvilon
Fedhas
Gozag
Hepliaklqana
Kikubaaqudgha
Makhleb
Nemelex Xobeh
Okawaru
Qazlal
Ru
Sif Muna
Trog
Uskayaw
Vehumet
Wu Jian
Xom
Yredelemnul
Zin
The Shining One
Beogh

Shops:
D:5 :   D:7 *   Orc:1 !   Orc:2 *

Annotations:
Orc:2 exclusion: orc sorcerer


Innate Abilities, Weirdness & Mutations

You are too large for most types of armour.
You have tough skin. (AC +1)
You are partially covered in yellow scales. (AC +2)
Scrolls take you a little longer to read.
You are dopey. (Int -2)
Your natural rate of healing is unusually fast.


Message History

You feel stupid.
You begin to heal more quickly.
Your vision blurs.
Yellow scales grow over part of your body.
The orc warrior shouts!
You hear a shout! x2
The orc warrior throws a boomerang.
The boomerang closely misses you.
The weapon returns to the orc warrior!
An orc warrior comes into view. It is wielding a +0 mace.
An orc warrior comes into view. It is wielding a +0 trident.
You hear some strange, mumbled words.
A magic dart appears from out of thin air!
The magic dart hits you but does no damage.
Okay, then.
It was a potion of might.
You feel very mighty all of a sudden. The orc warrior barely misses you.
The orc warrior throws a boomerang.
The boomerang hits you!
* * * LOW HITPOINT WARNING * * *
The weapon returns to the orc warrior!
It was a potion of magic.
Magic courses through your body.
The orc warrior hits you with a +0 war axe!
You die... ..... ...#. .....# oo...

..... ##....#
##...# .....#
.....#.$...
.......##
###..$o..#
#...@o..#
#.......$.#
#..........# #
#..............
##
#......#.......
.# .......
#...... .#
.....## ......
.# ..... ....##
##


You could see 3 orc warriors and an orc.

Vanquished Creatures
  Harold (D:7)
  An unseen horror (D:10)
  Pikel (D:4)
  An orc sorcerer (Orc:2)
  A manticore (D:10)
  A gargoyle (D:9)
  Maggie (D:6)
  2 trolls (D:10)
  Grinder (D:4)
  Prince Ribbit (D:5)
  3 wargs
  A hornet zombie (D:8)
  6 orc warriors
  2 phantoms
  A swamp drake (D:10)
  An ice beast (D:10)
  A sky beast (D:5)
  7 ogres
  2 centaurs
  2 big kobolds
  2 gnoll sergeants
  7 bullfrogs
  A water moccasin zombie (D:6)
  A jelly (D:10)
  3 scorpions
  A water moccasin skeleton (D:5)
  12 wights
  4 killer bees (D:7)
  11 howler monkeys
  A bullfrog zombie (D:5)
  5 hounds
  16 orc wizards
  4 centaur skeletons
  15 orc priests
  A bullfrog skeleton (D:8)
  An iguana (D:8)
  6 worker ants
  A hound zombie (D:10)
  2 worker ant zombies (D:6)
  10 gnolls
  14 adders
  A howler monkey skeleton (D:6)
  2 shadow imps
  A white imp (D:5)
  6 ufetubi
  An adder skeleton (D:9)
  4 worms
  2 dart slugs
  7 leopard geckos
  54 orcs
  3 ball pythons (Sewer)
  7 bats
  9 giant cockroaches
  6 goblins
  10 hobgoblins
  9 jackals
  14 frilled lizards
  21 kobolds
  A quokka zombie (D:6)
  11 rats
324 creatures vanquished.

Vanquished Creatures (others)
  An orc (D:10)
  2 plants (D:7)
3 creatures vanquished.

Grand Total: 327 creatures vanquished

Notes
Turn   | Place    | Note
-------+----------+-------------------------------------------
     0 | D:1      | Ladykiller69 the Ogre Hunter began the quest for the Orb.
     0 | D:1      | Reached XP level 1. HP: 22/22 MP: 1/1
   229 | D:1      | Reached XP level 2. HP: 14/29 MP: 2/2
   497 | D:1      | Reached skill level 1 in Maces & Flails
  1357 | D:1      | Reached XP level 3. HP: 37/37 MP: 3/3
  2363 | D:2      | Reached XP level 4. HP: 48/48 MP: 4/4
  3302 | D:2      | Reached XP level 5. HP: 23/55 MP: 5/5
  4607 | D:4      | Noticed a phantom
  4692 | D:4      | Killed a phantom
  4693 | D:4      | Reached skill level 5 in Fighting
  4693 | D:4      | Reached XP level 6. HP: 26/66 MP: 6/6
  5331 | D:4      | Got a scorched flail
  5332 | D:4      | Identified the +7 flail of the Howling Genius {drain, Str+4
                  | Dex+2} (You found it on level 4 of the Dungeon)
  5402 | D:4      | Reached skill level 5 in Maces & Flails
  5402 | D:4      | Reached XP level 7. HP: 63/74 MP: 7/7
  5478 | D:4      | Noticed Grinder
  5516 | D:4      | Killed Grinder
  5722 | D:4      | Noticed Pikel
  5750 | D:4      | Killed Pikel
  5751 | D:4      | Reached XP level 8. HP: 60/88 MP: 8/8
  5914 | D:4      | Found a staircase to the Ecumenical Temple.
  5920 | Temple   | Entered the Ecumenical Temple
  5982 | Temple   | Became a worshipper of Warmaster Okawaru
  6271 | D:5      | Entered Level 5 of the Dungeon
  6295 | D:5      | Noticed Prince Ribbit
  6447 | D:5      | Killed Prince Ribbit
  6801 | D:5      | Found Hiclugh's Book Boutique.
  7096 | D:5      | You fall into a shaft and drop 3 floors!
  7133 | D:8      | Reached XP level 9. HP: 86/97 MP: 9/9
  7470 | D:8      | Reached * piety under Okawaru
  8206 | D:8      | Identified the Guide on Blistering Attacks
  8380 | D:7      | Noticed Harold
  8398 | D:7      | Killed Harold
  8398 | D:7      | Reached ** piety under Okawaru
  8399 | D:7      | Reached skill level 10 in Fighting
  8399 | D:7      | Reached skill level 10 in Maces & Flails
  8417 | D:8      | Reached XP level 10. HP: 38/106 MP: 10/10
  9350 | D:7      | Found a bloodstained altar of Trog.
  9939 | D:7      | Found a glowing golden altar of the Shining One.
 10255 | D:7      | Found Buzong's Assorted Antiques.
 10836 | D:6      | Found a glowing drain.
 10917 | Sewer    | Entered a sewer
 11703 | D:6      | Found a stormy altar of Qazlal.
 12632 | D:6      | Noticed Maggie
 12643 | D:6      | Killed Maggie
 12643 | D:6      | Reached *** piety under Okawaru
 14039 | D:9      | Found a shadowy altar of Dithmenos.
 14108 | D:10     | Entered Level 10 of the Dungeon
 14108 | D:10     | Noticed a gargoyle
 14123 | D:9      | Killed a gargoyle
 14845 | D:10     | Reached **** piety under Okawaru
 14846 | D:10     | Reached XP level 11. HP: 123/124 MP: 11/11
 14882 | D:10     | Found a staircase to the Orcish Mines.
 15101 | D:10     | Received a gift from Okawaru
 15251 | D:10     | Killed an unseen horror
 15722 | D:10     | Received a gift from Okawaru
 15772 | D:10     | Noticed a manticore
 15781 | D:10     | Killed a manticore
 16333 | Orc:1    | Entered Level 1 of the Orcish Mines
 16671 | Orc:2    | Entered Level 2 of the Orcish Mines
 16781 | Orc:2    | Found Leebao's Assorted Antiques.
 16791 | Orc:2    | Found a staircase to the Elven Halls.
 16814 | Orc:2    | Noticed an orc sorcerer
 17476 | Orc:2    | Noticed an orc sorcerer
 17479 | Orc:2    | Killed an orc sorcerer
 17486 | Orc:2    | Noticed an orc warlord
 17490 | Orc:2    | Found a roughly hewn altar of Beogh.
 17503 | Orc:2    | Noticed an orc high priest
 17506 | Orc:1    | Found Fann's Distillery.
 17691 | Orc:1    | Noticed an orc sorcerer
 17700 | Orc:1    | Noticed a soul eater
 17702 | Orc:1    | Noticed a sixfirhy
 17760 | Orc:1    | Gained mutation: You are dopey. (Int -2) [potion of
                  | mutation]
 17760 | Orc:1    | Gained mutation: Your natural rate of healing is unusually
                  | fast. [potion of mutation]
 17760 | Orc:1    | Gained mutation: Scrolls take you a little longer to read.
                  | [potion of mutation]
 17760 | Orc:1    | Gained mutation: You are partially covered in yellow
                  | scales. (AC +2) [potion of mutation]
 17761 | Orc:1    | HP: 5/127 [orc warrior/boomerang (9)]
 17762 | Orc:1    | Slain by an orc warrior

Illustrated notes

Levels and vault maps discovered:
D:1:      evilmike_arrival_crescent, layout_loops_corners, glass_columns_c,
          minivault_25
D:2:      layout_basic
D:3:      layout_basic, minmay_box_of_dots
D:4:      layout_cave_pools, minmay_temple_entry_enclosed_plants, uniq_grinder,
          uniq_pikel
D:5:      layout_loops_cross, serial_shops, shop, minmay_starry_boxes,
          uniq_prince_ribbit1
D:6:      layout_cave_pods, portal_sewer_entry_f, serial_column_ruins,
          column_ruins_columns_corner, column_ruins_corridor_corner,
          column_ruins_corridor_plus, column_ruins_grid_1,
          column_ruins_open_small, nicolae_qazlal_eye_of_the_storm, uniq_maggie
D:7:      layout_loops_cross, nicolae_tso_carved_into_rock, serial_shops,
          nicolae_shop_overgrown_old_shop, minmay_misc_feat_pillars,
          trog_hazing_becter, uniq_harold
D:8:      layout_gridville
D:9:      layout_loops_ring, grunt_dithmenos_shadows
D:10:     layout_stronghold, erik_orc_1
Temple:   grunt_wide_crystal_templ
Orc:1:    layout_diamond_mine, serial_shops, shop_statue
Orc:2:    st_orc_pillars, layout_caves, serial_shops, shop_statue, basic_altar,
          portal_ice_cave_rime, uniq_nessos

Skill      XL: |  1  2  3  4  5  6  7  8  9 10 11 |
---------------+----------------------------------+-----
Fighting       | 3 4 5 7 8 10 12 13 | 13.3
Maces & Flails | 1 2 3 4 5 7 8 10 12 13 | 13.0
Dodging        | 2 |  2.0
Throwing       | |  4.0
Stealth        | |  0.6

Action                   |  1- 3 |  4- 6 |  7- 9 | 10-12 || total
-------------------------+-------+-------+-------+-------++-------
Melee: Unarmed           |    17 |       |       |       ||    17
       Club              |    83 |       |       |       ||    83
       Mace              |    20 |   119 |       |       ||   139
       Flail             |       |     6 |   155 |   256 ||   417
       Dire flail        |       |       |       |   283 ||   283
Throw: Large rock        |     4 |     2 |       |     5 ||    11
       Stone             |    68 |   205 |   161 |   237 ||   671
       Throwing net      |       |       |       |     5 ||     5
Invok: Heroism           |       |       |       |     5 ||     5
  Use: Potion            |       |       |     1 |     3 ||     4
       Scroll            |       |       |       |    15 ||    15
 Stab: Held in net/web   |       |       |       |     4 ||     4
       Sleeping          |       |       |       |     2 ||     2
       Distracted        |       |       |       |     2 ||     2
Armor: Robe              |    59 |    41 |    30 |    42 ||   172
       Steam dragon scal |       |       |       |   109 ||   109
Dodge: Dodged            |    91 |    67 |    67 |   237 ||   462
